Map: Dusk Towers

Players

SquuooD

  • Race: Protoss Protoss
  • League: Master

Miszu - Winner!

  • Race: Terran Terran
  • League: Master

VOD

Have the link to the VOD?

Description

Time

  • Played on: April 4, 2016, 12:55 p.m.
  • Length: 9:49
Show
View Real Time Build Order
Export as new Build Order

SquuooD Protoss 

Build Orders: 1 Gate Expand 

Get SALT Encoding   

  12  0:01  Probe (Chrono Boost)  
  13  0:11  Probe (Chrono Boost)  
  14  0:18  Pylon  
  14  0:22  Probe (Chrono Boost)  
  15  0:36  Gateway, Probe (Chrono Boost)  
  16  0:47  Probe (Chrono Boost), Assimilator  
  17  0:58  Probe (Chrono Boost)  
  18  1:08  Probe (Chrono Boost)  
  19  1:24  Probe (Chrono Boost)  
  20  1:27  Cybernetics Core  
  20  1:35  Probe (Chrono Boost)  
  21  1:43  Nexus  
  21  1:47  Probe (Chrono Boost)  
  21  1:50  Assimilator  
  22  1:56  Pylon  
  22  1:58  Probe (Chrono Boost)  
  23  2:03  Warp Gate (Chrono Boost)  
  23  2:14  Probe  
  24  2:25  Pylon  
  24  2:29  Stalker  
  25  2:31  Gateway  
  26  2:39  Mothership Core  
  27  2:48  Robotics Facility  
  27  2:54  Probe  
  28  3:00  Probe  
  28  3:04  Probe  
  29  3:09  Gateway  
  29  3:12  Probe  
  31  3:15  Probe  
  32  3:24  Probe  
  32  3:25  Probe  
  34  3:36  Probe  
  34  3:37  Immortal (Chrono Boost)  
  39  3:45  Pylon  
  39  3:47  Probe  
  40  3:50  Probe  
  40  3:53  Stalker  
  40  3:54  Sentry  
  45  4:03  Stalker  
  47  4:11  Observer (Chrono Boost)  
  48  4:17  Stalker x2  
  52  4:28  Stalker  
  54  4:40  Stalker  
  54  4:41  Stalker  
  52  4:57  Adept  
  44  5:00  Gateway  
  44  5:03  Gateway  
  44  5:04  Adept x2  
  48  5:09  Probe x2  
  48  5:10  Assimilator  
  48  5:12  Assimilator  
  48  5:25  Adept x3  
  53  5:29  Probe x2  
  53  5:30  Robotics Facility  
  55  5:41  Probe  
  52  5:49  Probe  
  47  5:53  Probe  
  48  5:58  Adept x3  
  48  6:01  Probe  
  48  6:04  Observer (Chrono Boost)  
  56  6:05  Pylon, Probe  
  57  6:13  Probe  
  57  6:15  Nexus  
  57  6:17  Pylon  
  58  6:23  Probe  
  58  6:25  Immortal (Chrono Boost), Probe  
  64  6:27  Sentry  
  64  6:31  Stalker  
  68  6:35  Stalker  
  68  6:38  Probe x2  
  72  6:51  Robotics Bay  
  72  6:54  Forge  
  72  6:55  Adept  
  72  6:57  Pylon  
  74  7:01  Adept x2  
  74  7:06  Pylon  
  78  7:09  Pylon  
  78  7:14  Observer (Chrono Boost)  
  60  7:26  Probe x3  
  63  7:36  Probe  
  59  7:38  Probe  
  56  7:47  Probe  
  55  7:53  Probe x2  
  55  7:58  Pylon  
  57  8:05  Probe x2  
  59  8:06  Probe  
  59  8:16  Probe  
  59  8:17  Probe x2  
  62  8:27  Disruptor (Chrono Boost)  
  62  8:30  Probe  
  62  8:32  Probe x2  
  67  8:41  Probe  
  67  8:44  Probe  
  67  8:46  Photon Cannon  
  69  8:48  Probe  
  69  8:51  Probe  
  68  8:56  Warp Prism (Chrono Boost)  
  68  9:05  Probe  
  68  9:06  Probe  
  69  9:12  Adept  
  69  9:13  Adept  
  73  9:23  Adept x2  
  66  9:42  Stalker  
Show
View Real Time Build Order
Export as new Build Order

Miszu Terran - Winner!

Build Orders: Command Center First (CC), MMM Bio 

Get SALT Encoding   

  12  0:01  SCV  
  13  0:13  SCV  
  14  0:17  Supply Depot  
  14  0:25  SCV  
  15  0:39  SCV  
  16  0:51  SCV  
  17  0:59  Command Center  
  17  1:03  SCV  
  18  1:15  SCV  
  18  1:17  Barracks  
  19  1:28  SCV  
  19  1:30  Barracks  
  20  1:40  SCV  
  21  1:50  Barracks  
  21  1:55  SCV  
  23  2:16  Marine, Orbital Command  
  23  2:17  Marine  
  24  2:30  Orbital Command  
  24  2:33  Marine  
  24  2:35  Marine  
  26  2:39  Marine  
  26  2:42  SCV  
  28  2:48  Refinery x2  
  28  2:51  Marine  
  28  2:53  Marine  
  28  2:54  SCV  
  28  2:56  Marine  
  28  2:57  Supply Depot  
  32  2:59  SCV  
  33  3:06  SCV  
  33  3:09  Marine  
  33  3:11  Marine, SCV  
  37  3:18  SCV  
  38  3:20  Supply Depot  
  38  3:23  SCV  
  38  3:24  Barracks Tech Lab  
  39  3:27  Marine  
  39  3:29  Marine  
  39  3:31  SCV  
  42  3:35  SCV  
  43  3:42  Marine  
  43  3:43  SCV  
  43  3:45  Marine  
  43  3:47  Marine, SCV  
  48  3:55  SCV  
  49  3:56  Refinery  
  49  3:58  Factory, Engineering Bay  
  49  3:59  SCV  
  49  4:00  Marine  
  51  4:02  Marine  
  51  4:05  Supply Depot  
  51  4:07  SCV  
  53  4:10  Marine  
  54  4:19  Supply Depot  
  54  4:25  Missile Turret  
  54  4:26  SCV x2  
  54  4:27  Marauder  
  54  4:28  Missile Turret  
  54  4:29  Supply Depot  
  55  4:47  Marine  
  55  4:49  Marine  
  55  4:50  SCV  
  53  4:55  Marine  
  53  4:59  Bunker  
  53  5:01  Starport, Widow Mine  
  53  5:05  Marine  
  57  5:07  SCV x2  
  57  5:13  Marine  
  60  5:19  Barracks Tech Lab  
  60  5:20  SCV  
  57  5:32  Marine x2  
  56  5:43  SCV  
  56  5:46  SCV  
  56  5:47  Medivac, Widow Mine  
  61  5:50  Stimpack  
  61  5:55  SCV  
  62  6:02  Barracks Reactor  
  62  6:03  Supply Depot x2  
  62  6:04  Barracks Tech Lab  
  62  6:12  Terran Infantry Weapons Level 1  
  62  6:17  Factory Reactor  
  62  6:25  Medivac, SCV x2  
  66  6:26  Supply Depot  
  66  6:36  Command Center  
  66  6:37  SCV x2  
  66  6:38  Refinery  
  68  6:40  Combat Shields  
  70  6:47  Marauder  
  70  6:48  Supply Depot  
  70  6:49  SCV x2  
  72  6:58  Supply Depot, Liberator x2  
  72  7:01  SCV x2  
  74  7:13  SCV  
  74  7:14  Marine x2, Marauder  
  74  7:15  Marauder  
  83  7:20  SCV  
  87  7:25  SCV  
  88  7:32  Marine x2, SCV  
  88  7:35  Marine  
  88  7:36  Marauder  
  89  7:37  SCV  
  88  7:44  SCV  
  88  7:50  Marine  
  88  7:51  SCV  
  88  7:52  Orbital Command  
  88  7:57  Marauder  
  88  7:58  Medivac x2  
  94  8:06  SCV x2  
  94  8:07  Supply Depot  
  96  8:14  Marauder  
  96  8:18  SCV x2  
  96  8:19  Orbital Command  
  100  8:22  Marauder  
  100  8:24  Marine  
  103  8:33  SCV  
  103  8:34  Barracks  
  104  8:36  Barracks, Marauder  
  104  8:37  Marine  
  104  8:38  SCV  
  106  8:41  Liberator x2  
  106  8:43  Marine x2  
  106  8:45  SCV  
  109  8:54  SCV x2  
  109  8:56  Marine  
  109  8:57  SCV  
  115  9:06  SCV x2  
  115  9:09  Marine, Marauder, SCV  
  118  9:13  Marauder  
  118  9:14  Marine  
  121  9:18  SCV  
  122  9:25  SCV  
Tags
 
Add a new tag
Caveats
  • Supply blocks, unpowered buildings, or Contaminate may cause inaccurate times.
  • Supply counts are checked every 10 seconds.